[Event "Titled Tuesday Blitz August 08 Late 2023"]
[White "Sarkar, Justin"]
[Black "Guerrero Vargas, Andres Jesus"]
[WhiteFideId "2010011"]
[BlackFideId "3902048"]
[WhiteElo "2233"]
[BlackElo "2443"]
[Result "1-0"]
[Round "4"]
[TimeControl "180+1"]
[Date "2023.08.08"]
[WhiteClock "0:00:09"]
[BlackClock "0:00:01"]
[Board "149"]

1. d4 Nf6 2. c4 e5 3. dxe5 Ng4 4. Nc3 Nxe5 5. e3 Bb4 6. Bd2 a5 7. a3 Bc5 8. b4 axb4 9. Ne4 Be7 10. axb4 Rxa1 11. Qxa1 d6 12. f4 Ng6 13. Qxg7 f5 14. Ng3 Bf6 15. Qh6 Qe7 16. Nh5 Nd7 17. Nf3 Rg8 18. Bd3 Ndf8 19. Nxf6+ Qxf6 20. O-O Nd7 21. e4 fxe4 22. Bxe4 Ne7 23. Qh5+ Qf7 24. Qxf7+ Kxf7 25. Bxh7 Rg7 26. Ng5+ Ke8 27. Bc3 Rg6 28. Bxg6+ Nxg6 29. f5 Nge5 30. f6 Kf8 31. f7 Kg7 32. Ne6+ Kh7 33. Bxe5 dxe5 34. f8=Q Nxf8 35. Nxf8+ Kg7 36. h4 e4 37. h5 e3 38. Ng6 Bg4 39. Nf4 Kh6 40. Re1 Kg5 41. g3 e2 42. Nxe2 Bxh5 43. Nf4 Bg4 44. Kf2 Kf6 45. Nd5+ Kg5 46. Nxc7 b6 47. c5 bxc5 48. bxc5 Kf6 49. c6 Kf7 50. Nd5 Bf5 51. Re5 Bc8 52. c7 Bb7 53. Nb6 Kf8 54. Rc5 Kf7 55. Ra5 Bc8 56. Nxc8 1-0


[Site "https://www.chess.com"]

[Event "Titled Tuesday Blitz August 08 Late 2023"]
[White "WindWhistler11"]
[Black "De Arruda, Leandro Formes"]
[BlackFideId "22722009"]
[WhiteElo "2430"]
[BlackElo "2219"]
[Result "1-0"]
[Round "4"]
[TimeControl "180+1"]
[Date "2023.08.08"]
[WhiteClock "0:02:35"]
[BlackClock "0:00:29"]
[Board "150"]

1. Nf3 d5 2. g3 Nf6 3. c4 c6 4. Bg2 e6 5. b3 Be7 6. O-O O-O 7. Bb2 Nbd7 8. Qc2 Ne4 9. d3 Nef6 10. Nbd2 b6 11. e4 Bb7 12. e5 Ne8 13. Rfe1 Rc8 14. h4 a5 15. Nf1 c5 16. N1h2 d4 17. Bc1 Qc7 18. Bf4 g6 19. h5 Ng7 20. h6 Nf5 21. Qd2 Rfd8 22. Bg5 Re8 23. g4 Bxf3 24. Nxf3 Qd8 25. gxf5 exf5 26. e6 fxe6 27. Rxe6 Bxg5 28. Rxe8+ Qxe8 29. Nxg5 Qf8 30. Bd5+ 1-0


[Site "https://www.chess.com"]

[Event "Titled Tuesday Blitz August 08 Late 2023"]
[White "Petersson, Kjell"]
[Black "chessmateto"]
[WhiteFideId "1705148"]
[WhiteElo "2206"]
[BlackElo "2430"]
[Result "0-1"]
[Round "4"]
[TimeControl "180+1"]
[Date "2023.08.08"]
[WhiteClock "0:00:14"]
[BlackClock "0:00:41"]
[Board "151"]

1. d4 d5 2. Bf4 Nf6 3. e3 c5 4. c3 Nc6 5. Nd2 Bf5 6. Qb3 Qd7 7. Ngf3 a6 8. dxc5 e6 9. Ne5 Nxe5 10. Bxe5 Bxc5 11. Bxf6 gxf6 12. Be2 b5 13. a4 bxa4 14. Rxa4 O-O 15. O-O Rab8 16. Qa2 Rxb2 17. Qxb2 Qxa4 18. Ra1 Qd7 19. Bxa6 Bd6 20. Nf3 Rb8 21. Qd2 e5 22. Be2 Bc5 23. h3 Kg7 24. Ra5 Qc7 25. c4 dxc4 26. Bxc4 Bb4 27. Qd5 Bxa5 28. Nxe5 Be6 29. Qe4 Qxe5 0-1


[Site "https://www.chess.com"]

[Event "Titled Tuesday Blitz August 08 Late 2023"]
[White "Butti, Enrique"]
[Black "Ladan, Nicholas"]
[WhiteFideId "3700470"]
[BlackFideId "30918855"]
[WhiteElo "2205"]
[BlackElo "2428"]
[Result "0-1"]
[Round "4"]
[TimeControl "180+1"]
[Date "2023.08.08"]
[WhiteClock "0:01:23"]
[BlackClock "0:02:08"]
[Board "152"]

1. d4 c5 2. d5 f5 3. c4 Nf6 4. Nc3 d6 5. e4 fxe4 6. f3 g6 7. fxe4 Bg7 8. Bd3 O-O 9. Nf3 Bg4 10. O-O Nbd7 11. Qe1 Bxf3 12. gxf3 Ne5 13. Be2 Nh5 14. f4 Nd7 15. Bxh5 gxh5 16. Qh4 Qe8 17. Kh1 Kh8 18. Be3 Bf6 19. Qh3 Nb6 20. e5 dxe5 21. fxe5 Bxe5 22. Bh6 Rxf1+ 23. Rxf1 Qg6 24. Bc1 Rg8 25. Nd1 Nxc4 26. Nf2 Bd4 0-1


[Site "https://www.chess.com"]

[Event "Titled Tuesday Blitz August 08 Late 2023"]
[White "Nilsen, Tobias Lang"]
[Black "Oliveira, Tiago Batista"]
[WhiteFideId "1521624"]
[BlackFideId "2108291"]
[WhiteElo "2427"]
[BlackElo "2190"]
[Result "1-0"]
[Round "4"]
[TimeControl "180+1"]
[Date "2023.08.08"]
[WhiteClock "0:01:52"]
[BlackClock "0:00:00"]
[Board "153"]

1. f4 Nf6 2. Nf3 d5 3. g3 g6 4. Bg2 Bg7 5. O-O O-O 6. d3 c5 7. Nc3 d4 8. Na4 Nbd7 9. c4 Rb8 10. a3 a6 11. b4 b6 12. Rb1 Bb7 13. Kh1 h6 14. e4 dxe3 15. Bxe3 Ng4 16. Bg1 Qc7 17. Rc1 Rfd8 18. Qe2 e5 19. fxe5 Ngxe5 20. Nxe5 Bxg2+ 21. Qxg2 Bxe5 22. bxc5 Nxc5 23. Nxc5 bxc5 24. Qe4 Rb2 25. Rb1 Rdb8 26. Rxb2 Rxb2 27. Qa8+ Kg7 28. Qd5 Bf6 29. Bxc5 Rd2 30. Bd4 Bxd4 31. Qxd4+ Kh7 32. Qd5 f5 33. Rb1 Qe7 34. Rb7 1-0


[Site "https://www.chess.com"]

[Event "Titled Tuesday Blitz August 08 Late 2023"]
[White "Zairbek kyzy, Begimai"]
[Black "Karas, Marek"]
[WhiteFideId "13803603"]
[BlackFideId "14928558"]
[WhiteElo "2171"]
[BlackElo "2426"]
[Result "0-1"]
[Round "4"]
[TimeControl "180+1"]
[Date "2023.08.08"]
[WhiteClock "0:00:00"]
[BlackClock "0:00:03"]
[Board "154"]

1. e4 g6 2. d4 Bg7 3. Nc3 a6 4. Bc4 e6 5. Nf3 b5 6. Bb3 Bb7 7. a3 d6 8. O-O h6 9. Re1 Nd7 10. Bf4 Ne7 11. Qe2 g5 12. Bg3 g4 13. Nd2 h5 14. Qe3 h4 15. Bf4 e5 16. dxe5 dxe5 17. Bg5 f6 18. Nf1 fxg5 19. Qxg5 Bf6 20. Qxg4 Nc5 21. Ba2 Qc8 22. Qf3 Rf8 23. Qh5+ Kd7 24. Rad1+ Kc6 25. Ne3 Kb6 26. Qh6 Ka7 27. Ned5 Nxd5 28. Bxd5 c6 29. Ba2 Qc7 30. b4 Na4 31. Nxa4 bxa4 32. c4 Rad8 33. c5 Rxd1 34. Rxd1 Rd8 35. Re1 Qg7 36. Qh5 Rd2 37. Be6 Qe7 38. Bh3 Qd8 39. Qf5 Be7 40. g3 Qd4 41. Rf1 hxg3 42. hxg3 Bd8 43. Kg2 Bc7 44. Bg4 a5 45. Rh1 axb4 46. axb4 Qxb4 47. Rh7 Ba5 48. Qf7 Rb2 49. Bc8 Qb5 50. Qd7 Ka6 51. Bxb7+ Qxb7 52. Qxb7+ Rxb7 53. Rh6 Kb5 54. Rd6 Bb4 0-1


[Site "https://www.chess.com"]

[Event "Titled Tuesday Blitz August 08 Late 2023"]
[White "Adel, Sara"]
[Black "Kupervaser, Erez"]
[WhiteFideId "10616764"]
[BlackFideId "2814587"]
[WhiteElo "2168"]
[BlackElo "2423"]
[Result "0-1"]
[Round "4"]
[TimeControl "180+1"]
[Date "2023.08.08"]
[WhiteClock "0:00:20"]
[BlackClock "0:00:56"]
[Board "155"]

1. e4 c5 2. Nc3 Nc6 3. Bc4 e6 4. Nf3 a6 5. d4 cxd4 6. Nxd4 Qc7 7. Be3 Bb4 8. Qd2 Nge7 9. a3 Bxc3 10. Qxc3 Ne5 11. Bf4 Qxc4 12. Bxe5 Qxc3+ 13. bxc3 f6 14. Bd6 b6 15. O-O-O Bb7 16. Rhe1 Rc8 17. Kb2 b5 18. f4 Rc4 19. Re3 Kf7 20. g4 Nc8 21. f5 Nxd6 22. Nxe6 Rc6 23. e5 Nc4+ 24. Kc1 dxe6 25. Rd7+ Ke8 26. Rxb7 Nxe3 27. Rb8+ Kf7 28. Rb7+ Ke8 29. Rb8+ Kd7 30. fxe6+ Rxe6 31. Rxh8 Rxe5 32. Rxh7 Re7 33. g5 fxg5 34. Rh5 Nc4 35. Rxg5 Re1# 0-1


[Site "https://www.chess.com"]

[Event "Titled Tuesday Blitz August 08 Late 2023"]
[White "Novikova, Margarita"]
[Black "Nathan, Nitish"]
[WhiteFideId "14109689"]
[BlackFideId "30927870"]
[WhiteElo "2143"]
[BlackElo "2415"]
[Result "0-1"]
[Round "4"]
[TimeControl "180+1"]
[Date "2023.08.08"]
[WhiteClock "0:00:00"]
[BlackClock "0:01:23"]
[Board "156"]

1. e4 c5 2. Nc3 Nc6 3. d3 d6 4. g3 g6 5. Be3 Bg7 6. Qd2 e6 7. Bg2 Nge7 8. Bh6 Bxh6 9. Qxh6 Ng8 10. Qd2 Nf6 11. h3 h5 12. Nge2 e5 13. Nd1 Be6 14. f4 Nd4 15. c3 Nxe2 16. Qxe2 exf4 17. gxf4 Qe7 18. Ne3 O-O-O 19. a3 Kb8 20. d4 cxd4 21. cxd4 d5 22. e5 Ne4 23. Bxe4 dxe4 24. Rd1 Bd5 25. O-O Qe6 26. Kh2 f5 27. exf6 Qxf6 28. Nxd5 Rxd5 29. Qxe4 Rhd8 30. Rfe1 Rxd4 31. Rxd4 Rxd4 32. Qe8+ Rd8 33. Qe5+ Qxe5 34. fxe5 Re8 35. Kg3 g5 36. h4 g4 37. Kf4 Rg8 38. Kg3 Kc7 39. Rd1 Re8 40. Kf4 Rg8 41. Kg3 Kc6 42. b4 Rf8 43. Rd3 Rf5 44. Re3 Kd5 45. e6 Rf8 46. e7 Re8 47. Kf4 Kd6 48. Re5 Rxe7 49. Rxh5 g3 50. Kxg3 Re3+ 51. Kf4 Rxa3 52. Rh7 b6 53. Rh5 Ra4 54. Rh6+ Ke7 55. Rh7+ Kf6 56. Rb7 Rxb4+ 57. Kg3 a5 58. h5 a4 59. Ra7 Kg5 0-1


[Site "https://www.chess.com"]

[Event "Titled Tuesday Blitz August 08 Late 2023"]
[White "KorolDimitriy75"]
[Black "Tharushi, T H D Niklesha"]
[BlackFideId "9918264"]
[WhiteElo "2414"]
[BlackElo "2106"]
[Result "0-1"]
[Round "4"]
[TimeControl "180+1"]
[Date "2023.08.08"]
[WhiteClock "0:00:00"]
[BlackClock "0:00:34"]
[Board "157"]

1. d4 Nf6 2. c4 e6 3. Nc3 Bb4 4. Qc2 O-O 5. e4 d6 6. e5 dxe5 7. dxe5 Nfd7 8. Nf3 Nc6 9. Bf4 f6 10. Bd3 f5 11. O-O-O Qe8 12. h4 Bc5 13. a3 a6 14. h5 Bd4 15. Rde1 Nc5 16. Kb1 Rb8 17. h6 g6 18. Bg5 Qd7 19. Rd1 b5 20. cxb5 Nxe5 21. Nxe5 Bxe5 22. Bxf5 Qf7 23. Bd3 axb5 24. Ne4 Nxd3 25. Qxd3 Bb7 26. Nc5 Bd5 27. f3 Qf5 28. Qxf5 Rxf5 29. Be3 Bf4 30. Bxf4 Rxf4 31. Rhe1 Re8 32. Re3 Kf7 33. b4 Rh4 34. Rde1 Rxh6 35. Kb2 Rh2 36. R1e2 Rh1 37. Nd7 Rh5 38. Ne5+ Ke7 39. Nd3 Kd6 40. Nc5 Rf5 41. Rd2 Kc6 42. Kc3 Rf4 43. Rde2 Rc4+ 44. Kb2 Kd6 45. Nb7+ Kd7 46. Nc5+ Kd6 47. Nd3 Rd4 48. Nc5 Bc4 49. Rf2 e5 50. Kc3 Rd5 51. Ne4+ Ke6 52. Nc5+ Kf7 53. Ne4 Red8 0-1


[Site "https://www.chess.com"]

[Event "Titled Tuesday Blitz August 08 Late 2023"]
[White "Lacey, Patrick"]
[Black "Grig1508"]
[WhiteFideId "2032007"]
[WhiteElo "2413"]
[BlackElo "2083"]
[Result "1-0"]
[Round "4"]
[TimeControl "180+1"]
[Date "2023.08.08"]
[WhiteClock "0:00:01"]
[BlackClock "0:00:00"]
[Board "158"]

1. Nf3 d5 2. c4 e6 3. e3 c5 4. Nc3 d4 5. exd4 cxd4 6. Ne4 Nc6 7. d3 e5 8. Be2 Bb4+ 9. Bd2 Bxd2+ 10. Qxd2 Nf6 11. Nxf6+ Qxf6 12. O-O O-O 13. Rfe1 Qd6 14. a3 a5 15. Ng5 f5 16. Bf3 h6 17. Bd5+ Kh8 18. Nf7+ Rxf7 19. Bxf7 Bd7 20. Bd5 Rf8 21. Qe2 Re8 22. Qh5 b6 23. Re2 Ne7 24. Bf7 Rf8 25. Rae1 Nc6 26. Bd5 Re8 27. Bxc6 Bxc6 28. Qxf5 Rf8 29. Qxe5 Qg6 30. g3 Qxd3 31. Qd6 Qf3 32. Qxf8+ Qxf8 33. f4 Kh7 34. Re6 Qc5 35. R1e5 Qxc4 36. f5 Qc1+ 37. Kf2 d3 38. f6 d2 39. Re7 d1=N+ 40. Ke2 Qc2+ 41. Ke1 1-0


[Site "https://www.chess.com"]

[Event "Titled Tuesday Blitz August 08 Late 2023"]
[White "Slovineanu, Viacheslav"]
[Black "dorpato"]
[WhiteFideId "13900510"]
[WhiteElo "2412"]
[BlackElo "2059"]
[Result "1-0"]
[Round "4"]
[TimeControl "180+1"]
[Date "2023.08.08"]
[WhiteClock "0:01:19"]
[BlackClock "0:00:09"]
[Board "159"]

1. e4 c5 2. Nf3 d6 3. d4 cxd4 4. Nxd4 Nf6 5. Nc3 a6 6. f3 e5 7. Nb3 Be6 8. Be3 Be7 9. Qd2 O-O 10. O-O-O b5 11. g4 Nc6 12. Kb1 Na5 13. Nxa5 Qxa5 14. Nd5 Qd8 15. Nxe7+ Qxe7 16. Qxd6 Qxd6 17. Rxd6 Rfd8 18. Rxd8+ Rxd8 19. Be2 b4 20. Rd1 Rxd1+ 21. Bxd1 Bc4 22. Bc5 a5 23. b3 Bf1 24. Bb6 h5 25. g5 Nh7 26. h4 f6 27. gxf6 gxf6 28. Bxa5 Nf8 29. Bxb4 Ng6 30. Be1 Nf4 31. a4 Ne2 32. Bxe2 Bxe2 33. b4 Bxf3 34. b5 Bxe4 35. a5 f5 36. a6 f4 37. b6 f3 38. b7 1-0


[Site "https://www.chess.com"]

[Event "Titled Tuesday Blitz August 08 Late 2023"]
[White "Gyulamiryan-koryun"]
[Black "Bueno, Alfeu Junior Varela"]
[BlackFideId "2108879"]
[WhiteElo "2058"]
[BlackElo "2411"]
[Result "0-1"]
[Round "4"]
[TimeControl "180+1"]
[Date "2023.08.08"]
[WhiteClock "0:00:00"]
[BlackClock "0:00:22"]
[Board "160"]

1. e4 e6 2. d4 d5 3. Nd2 Nf6 4. e5 Nfd7 5. Bd3 c5 6. c3 Nc6 7. Ne2 cxd4 8. cxd4 f6 9. exf6 Nxf6 10. O-O Bd6 11. a3 O-O 12. b4 e5 13. dxe5 Bxe5 14. Rb1 Ng4 15. g3 Qb6 16. Qe1 Nd4 17. Bb2 Bf5 18. Bxf5 Rxf5 19. Nxd4 Bxd4 20. Bxd4 Qxd4 21. Qe6+ Rf7 22. Nf3 Qe4 23. Qxe4 dxe4 24. Ng5 Re7 25. h3 Nf6 26. Rfe1 Rae8 27. h4 h6 28. Nh3 e3 29. f3 Nd5 30. Rb3 Rc8 31. Re2 Rc1+ 32. Kg2 Nc3 33. Reb2 e2 34. Rxe2 Rxe2+ 35. Nf2 Nd1 0-1


[Site "https://www.chess.com"]

[Event "Titled Tuesday Blitz August 08 Late 2023"]
[White "Djordjevic, Dejan N"]
[Black "Gabdushev, Ruslan"]
[WhiteFideId "913316"]
[BlackFideId "4137833"]
[WhiteElo "2040"]
[BlackElo "2409"]
[Result "1-0"]
[Round "4"]
[TimeControl "180+1"]
[Date "2023.08.08"]
[WhiteClock "0:00:53"]
[BlackClock "0:00:00"]
[Board "161"]

1. e4 c6 2. d4 g6 3. Nd2 Bg7 4. Ngf3 d6 5. h3 e5 6. c3 Ne7 7. Bd3 O-O 8. O-O h6 9. a4 Be6 10. Re1 Nd7 11. Bf1 Qc7 12. b3 b6 13. Ba3 Rfd8 14. Rc1 Nf8 15. Qc2 a6 16. Nc4 b5 17. Ne3 Rab8 18. axb5 axb5 19. Bb2 Nh7 20. dxe5 dxe5 21. Ra1 Ng5 22. Nxg5 hxg5 23. c4 Qb6 24. Bc3 f5 25. Ba5 Qb7 26. Bxd8 Rxd8 27. cxb5 cxb5 28. Qc5 Nc8 29. Bxb5 Qxe4 30. Bc4 Qd4 31. Bxe6+ 1-0


[Site "https://www.chess.com"]

[Event "Titled Tuesday Blitz August 08 Late 2023"]
[White "Upper, John"]
[Black "maksimys18"]
[WhiteFideId "2606437"]
[WhiteElo "1956"]
[BlackElo "2407"]
[Result "0-1"]
[Round "4"]
[TimeControl "180+1"]
[Date "2023.08.08"]
[WhiteClock "0:00:00"]
[BlackClock "0:00:42"]
[Board "162"]

1. b3 e6 2. Bb2 d5 3. e3 Nf6 4. g3 c5 5. Bg2 Bd6 6. d3 O-O 7. Nd2 Nc6 8. c4 d4 9. e4 e5 10. Ne2 Bg4 11. h3 Bh5 12. g4 Bg6 13. Ng3 h6 14. a3 Ne7 15. h4 Bh7 16. g5 Nd7 17. gxh6 gxh6 18. Qh5 Ng6 19. Qxh6 Qf6 20. Nh5 Qh8 21. Rg1 Nf6 22. Bh3 Nxh5 23. Qxh5 Qf6 24. Bf5 Be7 25. Nf3 Kh8 26. Bc1 Rg8 27. Bg5 Qd6 28. Bxe7 Qxe7 29. Ng5 Rg7 30. Qh6 Rag8 31. h5 Nf8 32. Bxh7 Nxh7 33. Nxh7 Rxh7 34. Rxg8+ Kxg8 35. Qd2 Rxh5 36. O-O-O Qg5 0-1


[Site "https://www.chess.com"]

[Event "Titled Tuesday Blitz August 08 Late 2023"]
[White "Herman, Daniel"]
[Black "Vargas, Mauricio"]
[WhiteFideId "30935008"]
[BlackFideId "4404572"]
[WhiteElo "2404"]
[BlackElo "1887"]
[Result "1-0"]
[Round "4"]
[TimeControl "180+1"]
[Date "2023.08.08"]
[WhiteClock "0:00:39"]
[BlackClock "0:00:58"]
[Board "163"]

1. d4 d5 2. c4 c6 3. cxd5 cxd5 4. Bg5 h5 5. Nc3 f6 6. Bf4 g5 7. Bd2 Nh6 8. e4 dxe4 9. Bc4 Bf5 10. Qxh5+ Kd7 11. Qd1 Nc6 12. Nge2 Qb6 13. d5 Ne5 14. Bb5+ Kc7 15. Rc1 Kb8 16. Be3 Qa5 17. Ng3 Nd3+ 18. Bxd3 exd3 19. Nxf5 Nxf5 20. Qxd3 Nxe3 21. Qxe3 a6 22. O-O Qc7 23. g3 b6 24. Nb5 Qd7 25. Qxb6+ Qb7 26. Qd8+ 1-0


[Site "https://www.chess.com"]

[Event "Titled Tuesday Blitz August 08 Late 2023"]
[White "Burke, Paul"]
[Black "Muhammad Shahzeb"]
[WhiteFideId "2605767"]
[BlackFideId "7804806"]
[WhiteElo "1867"]
[BlackElo "2402"]
[Result "0-1"]
[Round "4"]
[TimeControl "180+1"]
[Date "2023.08.08"]
[WhiteClock "0:00:38"]
[BlackClock "0:02:06"]
[Board "164"]

1. e4 d5 2. exd5 Nf6 3. d4 Nxd5 4. c4 Nb6 5. Nc3 e5 6. d5 Bb4 7. Nf3 O-O 8. Be2 e4 9. Nd4 c6 10. dxc6 Nxc6 11. Nxc6 bxc6 12. Qxd8 Rxd8 13. O-O Bxc3 14. bxc3 Be6 15. c5 Na4 16. Be3 Nxc3 17. Ba6 Nd5 18. Bb7 Rab8 19. Bxc6 Nxe3 20. fxe3 Rbc8 21. Bxe4 Rxc5 22. Bf3 g5 23. h3 Rc3 24. e4 Rd2 25. a4 Rcc2 26. Rab1 h5 27. Rb5 g4 28. hxg4 hxg4 29. Rg5+ Kf8 30. Bd1 Rxg2+ 31. Kh1 Rh2+ 32. Kg1 Rcg2# 0-1


[Site "https://www.chess.com"]

[Event "Titled Tuesday Blitz August 08 Late 2023"]
[White "Molenda, Marcin"]
[Black "GAO"]
[WhiteFideId "1173065"]
[WhiteElo "2468"]
[BlackElo "2291"]
[Result "1-0"]
[Round "4"]
[TimeControl "180+1"]
[Date "2023.08.08"]
[WhiteClock "0:01:44"]
[BlackClock "0:01:30"]
[Board "165"]

1. e4 c5 2. Nc3 a6 3. a4 g6 4. f4 Bg7 5. Nf3 e6 6. e5 d5 7. d4 h5 8. dxc5 Nh6 9. a5 Nf5 10. b4 Nc6 11. Rb1 Bd7 12. Bd3 Nh4 13. O-O O-O 14. Bd2 Rc8 15. Be1 Nf5 16. Bxf5 gxf5 17. Nd4 Nxd4 18. Qxd4 f6 19. Bh4 Qe7 20. exf6 Bxf6 21. Bxf6 Rxf6 22. Rbe1 Kf7 23. Nxd5 exd5 24. Rxe7+ Kxe7 25. Re1+ Be6 26. Qxd5 Rc7 27. Qd6+ 1-0


[Site "https://www.chess.com"]

[Event "Titled Tuesday Blitz August 08 Late 2023"]
[White "Maus7"]
[Black "Weisz, Bryan"]
[BlackFideId "30934133"]
[WhiteElo "2420"]
[BlackElo "2311"]
[Result "0-1"]
[Round "4"]
[TimeControl "180+1"]
[Date "2023.08.08"]
[WhiteClock "0:00:00"]
[BlackClock "0:00:24"]
[Board "166"]

1. e4 e5 2. Nf3 Nc6 3. Bc4 Na5 4. Be2 Nf6 5. d4 Nxe4 6. O-O exd4 7. Re1 d5 8. c4 Bb4 9. Nbd2 O-O 10. cxd5 Qxd5 11. Bd3 Nxd2 12. Nxd2 Bf5 13. Nf3 Bxe1 14. Nxe1 Rfe8 15. Nf3 Bxd3 16. Qxd3 Qe4 17. Qd1 d3 18. Be3 Nc4 19. Nd2 Nxe3 0-1


[Site "https://www.chess.com"]

[Event "Titled Tuesday Blitz August 08 Late 2023"]
[White "Topalov, Aleksandar"]
[Black "Tqebuchava, Zurab"]
[WhiteFideId "925659"]
[BlackFideId "13601113"]
[WhiteElo "2365"]
[BlackElo "2268"]
[Result "1-0"]
[Round "4"]
[TimeControl "180+1"]
[Date "2023.08.08"]
[WhiteClock "0:01:20"]
[BlackClock "0:00:00"]
[Board "167"]

1. b3 e6 2. Bb2 Nf6 3. Nf3 Be7 4. e3 d6 5. d4 b6 6. Nbd2 Bb7 7. Bd3 Nbd7 8. O-O c5 9. c4 cxd4 10. exd4 d5 11. Qe2 O-O 12. Rfd1 Re8 13. Nf1 Ne4 14. Ng3 Nxg3 15. hxg3 Nf8 16. Ne5 Bf6 17. Ng4 g6 18. Nxf6+ Qxf6 19. c5 bxc5 20. dxc5 d4 21. Bb5 Red8 22. c6 Bc8 23. Qe4 Rd5 24. Bc4 Re5 25. Qxd4 Rb8 26. Qxe5 1-0


[Site "https://www.chess.com"]

[Event "Titled Tuesday Blitz August 08 Late 2023"]
[White "Merino Garcia, Rafael II"]
[Black "Smiechu"]
[WhiteFideId "2209128"]
[WhiteElo "2262"]
[BlackElo "2350"]
[Result "1-0"]
[Round "4"]
[TimeControl "180+1"]
[Date "2023.08.08"]
[WhiteClock "0:00:50"]
[BlackClock "0:01:36"]
[Board "168"]

1. d4 Nf6 2. Nf3 c5 3. d5 e6 4. Nc3 b5 5. dxe6 fxe6 6. Nxb5 d5 7. c4 Be7 8. Bf4 Na6 9. g3 O-O 10. Bg2 Nh5 11. Be5 Bf6 12. O-O Bxe5 13. Nxe5 Nc7 14. e4 Nxb5 15. cxb5 Nf6 16. exd5 exd5 17. Nc6 Qd6 18. Bxd5+ Nxd5 19. Qxd5+ Qxd5 20. Ne7+ Kh8 21. Nxd5 Be6 22. Nc7 Bc4 23. Nxa8 Bxf1 24. Kxf1 Rxa8 25. Rc1 Rc8 26. b4 c4 27. a4 Kg8 28. Ke2 Kf7 29. Ke3 Ke6 30. Kd4 Rd8+ 31. Kc3 Rc8 32. Rd1 g5 33. Rd4 Rf8 34. f4 g4 35. Rxc4 Rf7 36. a5 Kf5 37. a6 h5 38. Rc5+ Ke4 39. Rxh5 Kf3 40. Kc4 Rc7+ 41. Rc5 Rd7 42. Rd5 Rc7+ 43. Kd4 Kg2 44. Rh5 Rc8 45. f5 Rb8 46. Kc5 Rb6 47. Rh4 Kf3 48. h3 gxh3 49. Rxh3 Kg4 50. Rh7 Kxf5 51. Rxa7 1-0


[Site "https://www.chess.com"]

[Event "Titled Tuesday Blitz August 08 Late 2023"]
[White "Doluhanova, Evgeniya"]
[Black "Hartikainen, Jarmo"]
[WhiteFideId "14112035"]
[BlackFideId "503134"]
[WhiteElo "2324"]
[BlackElo "2093"]
[Result "0-1"]
[Round "4"]
[TimeControl "180+1"]
[Date "2023.08.08"]
[WhiteClock "0:00:45"]
[BlackClock "0:00:59"]
[Board "169"]

1. Nf3 Nf6 2. c4 c5 3. Nc3 Nc6 4. e4 g6 5. d4 cxd4 6. Nxd4 Bg7 7. Be3 Ng4 8. Qxg4 Nxd4 9. Qd1 Ne6 10. Be2 O-O 11. h4 f5 12. exf5 gxf5 13. O-O f4 14. Bd2 Nd4 15. Bg4 e6 16. h5 Qh4 17. Ne4 d5 18. Nd6 f3 19. gxf3 Be5 20. f4 Bxd6 21. Be3 Rxf4 0-1


[Site "https://www.chess.com"]

[Event "Titled Tuesday Blitz August 08 Late 2023"]
[White "Ismayil, Malak"]
[Black "Hng, Mei-En Emmanuelle"]
[WhiteFideId "13412604"]
[BlackFideId "5804566"]
[WhiteElo "2586"]
[BlackElo "2244"]
[Result "0-1"]
[Round "4"]
[TimeControl "180+1"]
[Date "2023.08.08"]
[WhiteClock "0:00:00"]
[BlackClock "0:01:22"]
[Board "170"]

1. e4 d6 2. d4 Nf6 3. Nc3 g6 4. Be3 Bg7 5. f3 c6 6. Qd2 b5 7. a3 Nbd7 8. g4 Nb6 9. h4 h5 10. g5 Nfd7 11. Nh3 a6 12. Nf4 O-O 13. Be2 c5 14. Rd1 cxd4 15. Bxd4 Bxd4 16. Qxd4 e5 17. Qxd6 exf4 18. Qxf4 Qe7 19. O-O Bb7 20. Rd6 Nc4 21. Bxc4 bxc4 22. Rfd1 Ne5 23. Nd5 Bxd5 24. R1xd5 Rfe8 25. Kg2 Rab8 26. Qc1 Nxf3 27. e5 Nxh4+ 28. Kf2 Qa7+ 29. Ke2 Nf5 30. Rd7 Rxe5+ 0-1


[Site "https://www.chess.com"]

[Event "Titled Tuesday Blitz August 08 Late 2023"]
[White "Veiga, Jose Francisco R P Neves"]
[Black "Fernandez Hernandez, Gerardo"]
[WhiteFideId "1930087"]
[BlackFideId "2207400"]
[WhiteElo "2560"]
[BlackElo "2227"]
[Result "1-0"]
[Round "4"]
[TimeControl "180+1"]
[Date "2023.08.08"]
[WhiteClock "0:00:20"]
[BlackClock "0:00:00"]
[Board "171"]

1. e4 e6 2. d4 d5 3. Nd2 Nc6 4. c3 e5 5. exd5 Qxd5 6. Ngf3 exd4 7. Bc4 Qh5 8. cxd4 Bg4 9. O-O O-O-O 10. h3 Bxf3 11. Nxf3 Nf6 12. Be3 Nd5 13. Bg5 Be7 14. Bxe7 Ncxe7 15. Qb3 f6 16. Rfe1 c6 17. Rac1 Kb8 18. Bxd5 Nxd5 19. Rxc6 Rd7 20. Rc5 Rhd8 21. Rec1 Qf7 22. a4 Qe7 23. a5 Qd6 24. Qc4 Rc7 25. b4 a6 26. b5 axb5 27. Qxb5 Rxc5 28. Rxc5 Nc7 29. Qb3 Na6 30. Rb5 Qc7 31. Rb6 Ka8 32. g3 Rc8 33. Kg2 1-0


[Site "https://www.chess.com"]

[Event "Titled Tuesday Blitz August 08 Late 2023"]
[White "Berezin, Viktor"]
[Black "Schut, Han"]
[WhiteFideId "14107872"]
[BlackFideId "1005561"]
[WhiteElo "2482"]
[BlackElo "2217"]
[Result "0-1"]
[Round "4"]
[TimeControl "180+1"]
[Date "2023.08.08"]
[WhiteClock "0:00:20"]
[BlackClock "0:00:02"]
[Board "172"]

1. d4 Nf6 2. Nf3 g6 3. g3 Bg7 4. Bg2 O-O 5. O-O d5 6. c4 dxc4 7. Na3 c5 8. Nxc4 cxd4 9. Nxd4 a6 10. b3 Nfd7 11. Bb2 Qc7 12. Rc1 Qc5 13. b4 Qh5 14. Na5 Ne5 15. Nxb7 Bh3 16. Nc5 Ng4 17. Bxa8 Bg2 18. Kxg2 Qxh2+ 19. Kf3 Ne5+ 20. Ke3 Bh6+ 21. f4 Qxg3+ 22. Nf3 Qxf4+ 23. Kf2 Ng4+ 24. Ke1 Qg3+ 25. Rf2 Qxf2# 0-1


[Site "https://www.chess.com"]

[Event "Titled Tuesday Blitz August 08 Late 2023"]
[White "Biliy, Vadim"]
[Black "Liu, Casper"]
[WhiteFideId "14114127"]
[BlackFideId "1454153"]
[WhiteElo "2215"]
[BlackElo "2476"]
[Result "1-0"]
[Round "4"]
[TimeControl "180+1"]
[Date "2023.08.08"]
[WhiteClock "0:00:15"]
[BlackClock "0:00:00"]
[Board "173"]

1. d4 Nf6 2. Nf3 e6 3. e3 d5 4. c4 Be7 5. Nc3 O-O 6. Be2 b6 7. O-O Bb7 8. b3 Nbd7 9. Bb2 h6 10. Rc1 c5 11. cxd5 Nxd5 12. Nxd5 exd5 13. dxc5 bxc5 14. Bb5 Rc8 15. Ne5 Nxe5 16. Bxe5 Bf6 17. Bxf6 Qxf6 18. Qd3 a6 19. Bd7 Rc7 20. Bh3 a5 21. Rfd1 Rd8 22. Qf5 Qxf5 23. Bxf5 g6 24. Bg4 h5 25. Bf3 Kf8 26. h4 Ke7 27. Kh2 Ke6 28. Kg3 Rdc8 29. Rc3 c4 30. Rd4 Ba6 31. Bxd5+ Ke5 32. f4+ Kf6 33. bxc4 Rb8 34. e4 Rb2 35. e5+ Ke7 36. Ra3 Rc5 37. Kf3 Rc2 38. Ra4 f6 39. exf6+ Kxf6 40. Ke3 Kf5 41. Be4+ Kg4 42. Bxg6 Rxg2 43. f5+ Kg3 44. Ke4 Bb7+ 45. Kd3 Rf2 46. Kc3 Rf3+ 47. Rd3 Rxd3+ 48. Kxd3 Kxh4 49. f6 Rc6 50. f7 Rf6 51. Rxa5 Kg4 52. Rxh5 Be4+ 53. Bxe4 Rg6 54. Bxg6 1-0


[Site "https://www.chess.com"]